 Dungeon Crawl Stone Soup version 0.31-a0-175-g9f7f995f2b (webtiles) character file.

Game seed: 15409222341664311176

60 qw the Shooter (level 4, -3/39 HPs)
             Began as a Naga Hunter on June 16, 2023.
             Succumbed to a goblin's poison
             ... on level 2 of the Dungeon.
             The game lasted 00:00:22 (1112 turns).

qw the Shooter (Naga Hunter)                        Turns: 1112, Time: 00:00:22

Health: -3/39      AC:  2    Str: 14    XL:     4   Next: 6%
Magic:  4/4        EV:  9    Int:  9    God:
Gold:   61         SH:  0    Dex: 16    Spells: 3/3 levels left

rFire   . . .        Y - +0 shortbow
rCold   . . .        (shield currently unavailable)
rNeg    . . .        c - +0 leather armour
rPois   +            (no helmet)
rElec   .            (no cloak)
rCorr   .            (no gloves)
SInv    +            (no barding)
Will    .....        (no amulet)
Stlth   ++           (no ring)
HPRegen 0.26/turn    (no ring)
MPRegen 0.09/turn

%: no passive effects
@: lethally poisoned (-3 -> -20), short of breath, very slow
A: AC +1, large, see invisible, deformed body, poison resistance, slowness 2,
spit poison 1, naga tail 1
a: Spit Poison


You were on level 2 of the Dungeon.
You visited 1 branch of the dungeon, and saw 2 of its levels.

You collected 61 gold pieces.


Innate Abilities, Weirdness & Mutations

Your serpentine skin is tough. (AC +1)
You have supernaturally acute eyesight. (SInv)
Armour fits poorly on your strangely shaped body.
Your system is resistant to poisons. (rPois)
You cover ground very slowly.
You can spit poison.
You have a snake-like lower body.


   Skills:
 + Level 2.0 Fighting
 - Level 5.0 Ranged Weapons
 - Level 1.5 Dodging
 - Level 1.5 Stealth


You had 3 spell levels left.
You didn't know any spells.
Your spell library was empty.

Inventory:

Hand Weapons
 Y - a +0 shortbow (weapon)
Armour
 c - a +0 leather armour (worn)

Dungeon Overview and Level Annotations

Branches:
Dungeon (2/15)

Altars:

Annotations:
D:2 Robin


Message History

The goblins go into a battle-frenzy!
A goblin comes into view. It is wielding a +0 dagger.
A goblin comes into view. It is wielding a +0 club.
You shoot an arrow. The arrow barely misses the goblin.
Robin throws the goblin at you! The goblin closely misses you.
You shoot an arrow. The arrow barely misses the goblin.
The arrow closely misses the ball python.
The goblin hits you with a +0 club.
The goblin hits you with a +2 dagger of venom.
You are poisoned.
A hobgoblin comes into view.
1108 ||| Stepping ~*~*~tactically~*~*~ (outnumbered).
The goblin attacks as you move away! The goblin barely misses you.
You feel very sick.
The goblin hits you with a +2 dagger of venom.
You are more poisoned.
The goblin barely misses you.
You shoot an arrow. The arrow hits the hobgoblin.
The hobgoblin is severely wounded.
You have got your breath back.
You feel very sick. The goblin closely misses you.
The hobgoblin closely misses you.
1110 ||| INVOKING Spit Poison.
Aiming: Spit Poison (1% risk of failure)
Press: ? - help, Shift-Dir - straight line, f/p - hobgoblin The splash of poison hits the hobgoblin.
The hobgoblin is poisoned.
You kill the hobgoblin!
You feel sick. The ball python bites you.
The goblin hits you with a +2 dagger of venom!
You are lethally poisoned!
The goblin hits you with a +0 club.
You shoot an arrow. The arrow hits the ball python.
The ball python is severely wounded.
You feel very sick. The ball python closely misses you.
The goblin hits you but does no damage. The goblin completely misses you.
You shoot an arrow. The arrow hits the ball python.
You kill the ball python!
You die...

..##.....#..........
..##...............# .
.........##..#.#.#.# ..
.#.......##..#.#... ...
.............#.#.#. ....
.................# .....
..........#......##g.....
####....#...#.#.gggg.....
##.....###...@.#..g.<.
.##......##g.# ...[.
#..####.##..# .g.g #..
#..#... ... #. ##.#.#..
.. .....#. . #...#..
#.... ..


You could see Robin, a hobgoblin (strong) and 4 goblins.

Vanquished Creatures
  Natasha (D:1)
  2 dart slugs
  3 endoplasms
  A giant cockroach (D:1)
  3 goblins
  8 hobgoblins
  A quokka (D:1)
  4 ball pythons
  2 bats (D:1)
  3 frilled lizards
  2 rats
30 creatures vanquished.

Notes
Turn   | Place    | Note
-------+----------+-------------------------------------------
     0 | D:1      | qw the Naga Hunter began the quest for the Orb.
     0 | D:1      | Reached XP level 1. HP: 19/19 MP: 1/1
     0 | D:1      | 0 ||| qw: Version: 0.2-a-29-g511e9b1
     0 | D:1      | 0 ||| qw: Game counter: 5894
     0 | D:1      | 0 ||| qw: Always use a shield: true
     0 | D:1      | 0 ||| qw: God list: Okawaru
     0 | D:1      | 0 ||| qw: Allow faded altars: false
     0 | D:1      | 0 ||| qw: Do Orc after D:15 true
     0 | D:1      | 0 ||| qw: Do second Lair branch before Depths: true
     0 | D:1      | 0 ||| qw: Lair rune preference: random
     0 | D:1      | 0 ||| qw: Plans: Normal
     0 | D:1      | 0 ||| PLANNING D:1-11
    33 | D:1      | 33 ||| INVOKING Spit Poison.
    69 | D:1      | 69 ||| INVOKING Spit Poison.
    74 | D:1      | 74 ||| INVOKING Spit Poison.
   147 | D:1      | 147 ||| INVOKING Spit Poison.
   152 | D:1      | 152 ||| INVOKING Spit Poison.
   156 | D:1      | Reached skill level 4 in Ranged Weapons
   156 | D:1      | Reached XP level 2. HP: 26/26 MP: 2/2
   157 | D:1      | 157 ||| INVOKING Spit Poison.
   196 | D:1      | 196 ||| INVOKING Spit Poison.
   249 | D:1      | 249 ||| INVOKING Spit Poison.
   255 | D:1      | 255 ||| INVOKING Spit Poison.
   283 | D:1      | 283 ||| INVOKING Spit Poison.
   303 | D:1      | 303 ||| INVOKING Spit Poison.
   310 | D:1      | 310 ||| INVOKING Spit Poison.
   317 | D:1      | 317 ||| INVOKING Spit Poison.
   367 | D:1      | 367 ||| INVOKING Spit Poison.
   524 | D:1      | 524 ||| READING scroll labelled ONKOSE MAJA.
   525 | D:1      | 525 ||| DROPPING scroll of butterflies.
   557 | D:2      | Noticed Natasha
   558 | D:2      | 558 ||| INVOKING Spit Poison.
   559 | D:2      | Reached XP level 3. HP: 32/32 MP: 3/3
   563 | D:2      | 563 ||| INVOKING Spit Poison.
   564 | D:2      | 564 ||| STAIRDANCE
   679 | D:2      | 679 ||| STAIRDANCE
   681 | D:1      | 681 ||| INVOKING Spit Poison.
   687 | D:1      | 687 ||| INVOKING Spit Poison.
   692 | D:1      | 692 ||| INVOKING Spit Poison.
   778 | D:2      | 778 ||| INVOKING Spit Poison.
   779 | D:2      | 779 ||| STAIRDANCE
   883 | D:2      | 883 ||| STAIRDANCE
   995 | D:2      | 995 ||| INVOKING Spit Poison.
   998 | D:2      | 998 ||| STAIRDANCE
  1000 | D:1      | 1000 ||| INVOKING Spit Poison.
  1001 | D:1      | 1001 ||| INVOKING Spit Poison.
  1001 | D:1      | Killed Natasha
  1068 | D:2      | 1068 ||| INVOKING Spit Poison.
  1072 | D:2      | 1072 ||| INVOKING Spit Poison.
  1076 | D:2      | 1076 ||| INVOKING Spit Poison.
  1078 | D:2      | Reached skill level 5 in Ranged Weapons
  1078 | D:2      | Reached XP level 4. HP: 36/39 MP: 4/4
  1103 | D:2      | 1103 ||| INVOKING Spit Poison.
  1104 | D:2      | 1104 ||| INVOKING Spit Poison.
  1104 | D:2      | Noticed Robin
  1108 | D:2      | 1108 ||| Stepping ~*~*~tactically~*~*~ (outnumbered).
  1110 | D:2      | 1110 ||| INVOKING Spit Poison.
  1110 | D:2      | HP: 9/39 [goblin/+2 dagger of venom[Robin] (7)]
  1111 | D:2      | HP: 2/39 [poisoned by a goblin]
  1112 | D:2      | Succumbed to a goblin's poison

Levels and vault maps discovered:
D:1:      kennysheep_arrival_seaside, layout_rooms
D:2:      layout_rooms, uniq_natasha, uniq_robin, uniq_crazy_yiuf_cottage

Skill      XL: |  1  2  3 |
---------------+----------+-----
Ranged Weapons | 4 5 |  5.0
Fighting       | |  2.0
Dodging        | |  1.5
Stealth        | |  1.5

Action                     |  1- 3 |  4- 6 || total
---------------------------+-------+-------++-------
   Fire: Shortbow          |    42 |     6 ||    48
Ability: Spit Poison       |    25 |     2 ||    27
    Use: Scroll            |     1 |       ||     1
 Armour: Leather armour    |     3 |     1 ||     4
  Dodge: Dodged            |    15 |     7 ||    22

Table legend:
 A = Non-vault XP
 B = Vault XP
 C = Vault XP percentage of total XP
 D = Non-vault monster count
 E = Vault monster count
 F = Vault count percentage of total count
                 A         B        C        D         E       F
            +---------+---------+-------+---------+---------+-------
      Total |      49 |      39 |  44.3 |      27 |       3 |  10.0
            +---------+---------+-------+---------+---------+-------
        D:1 |      36 |      35 |  49.3 |      20 |       1 |   4.8
        D:2 |      13 |       4 |  23.5 |       7 |       2 |  22.2
            +---------+---------+-------+---------+---------+-------
